[ AOE2 MATCH · #493780197 ]
UnrankedMalians vs Dravidians
Player's team · WIN
[ REPLAY ANALYSIS · EXTRACTED FROM THE RECORDED GAME ]
Feudal
11:28
Castle
15:50
Imperial
—
| APM avg | 69.1 |
| APM peak | 112 |
| eAPM avg | 35.5 |
| Villagers / military | 64 / 28 |
Focus
⚔️ 59.5% · 🌾 40.5%
Gbeto ×23 · Battering Ram ×3 · Mangonel ×2
Feudal
8:55
Castle
20:10
Imperial
—
| APM avg | 54.8 |
| APM peak | 105 |
| eAPM avg | 31.1 |
| Villagers / military | 80 / 19 |
Focus
⚔️ 29.7% · 🌾 70.3%
Mangonel ×11 · Archer ×6 · Monk ×1 · Armored Elephant ×1
Match map
Initial resources + every placement click. Lines = walls · curves = elevation contours. ◆ gold · ⬟ stone · ● berries · ✦ relic · ◌ wall gap
Your base· Open — unwalled flank
Wololo & Chill's base· Open — unwalled flank
Smoothed initial terrain · ◌ = detected wall gap · hover for details
Inputs per minute
— twitch.tv/s0laf1d3 - - Wololo & Chill
Build order — twitch.tv/s0laf1d3
First 150 of 206 actions detected
| 0:01 | Create | Villager (Male) ×4 |
| 0:02 | Build | House |
| 0:03 | Build | House |
| 1:24 | Create | Villager (Male) |
| 1:52 | Build | Lumber Camp |
| 1:54 | Create | Villager (Male) |
| 2:21 | Create | Villager (Male) |
| 2:46 | Create | Villager (Male) |
| 3:03 | Build | House |
| 3:04 | Build | House |
| 3:06 | Create | Villager (Male) |
| 3:36 | Create | Villager (Male) |
| 3:59 | Create | Villager (Male) |
| 4:08 | Build | Palisade Wall |
| 4:09 | Build | House |
| 4:21 | Create | Villager (Male) |
| 4:48 | Create | Villager (Male) |
| 5:05 | Build | Mill |
| 5:10 | Create | Villager (Male) |
| 5:30 | Create | Villager (Male) |
| 5:57 | Create | Villager (Male) |
| 6:29 | Build | Mining Camp |
| 6:36 | Create | Villager (Male) |
| 7:02 | Create | Villager (Male) |
| 7:24 | Create | Villager (Male) |
| 7:33 | Build | Mill |
| 7:42 | Create | Villager (Male) |
| 8:25 | Create | Villager (Male) |
| 8:51 | Build | House |
| 8:53 | Research | Loom |
| 8:53 | Research | Feudal Age |
| 9:14 | Build | House |
| 9:56 | Build | Palisade Wall |
| 9:57 | Build | Palisade Wall |
| 10:01 | Build | Palisade Wall |
| 10:03 | Build | Palisade Wall |
| 10:05 | Build | Palisade Wall |
| 10:08 | Build | Palisade Wall |
| 10:10 | Build | Palisade Wall |
| 10:13 | Build | Palisade Wall |
| 10:15 | Build | Palisade Wall |
| 10:18 | Build | Palisade Wall |
| 10:21 | Build | Palisade Wall |
| 10:38 | Build | Palisade Wall |
| 10:40 | Build | Palisade Wall |
| 10:43 | Build | Palisade Wall |
| 10:46 | Build | Palisade Wall |
| 10:59 | Create | Villager (Male) |
| 10:59 | Create | Villager (Male) |
| 11:28 | Age | Feudal Age |
| 11:45 | Build | Market |
| 12:27 | Build | Blacksmith |
| 12:35 | Build | Blacksmith |
| 12:38 | Create | Villager (Male) |
| 13:10 | Research | Castle Age |
| 13:10 | Research | Castle Age |
| 13:14 | Build | House |
| 13:26 | Build | Mining Camp |
| 13:36 | Build | House |
| 14:47 | Research | Double-Bit Axe |
| 14:47 | Research | Double-Bit Axe |
| 15:39 | Create | Villager (Male) |
| 15:42 | Build | Farm |
| 15:50 | Age | Castle Age |
| 15:54 | Build | Stone Wall |
| 15:55 | Build | Stone Wall |
| 15:55 | Build | Stone Wall |
| 15:56 | Build | Stone Wall |
| 15:56 | Build | Stone Wall |
| 15:57 | Build | Stone Wall |
| 15:57 | Build | Stone Wall |
| 15:58 | Build | Stone Wall |
| 16:17 | Build | Stone Wall |
| 16:17 | Build | Stone Wall |
| 16:18 | Build | Stone Wall |
| 16:28 | Create | Villager (Male) |
| 16:55 | Build | Castle |
| 16:58 | Create | Villager (Male) |
| 17:06 | Build | Farm |
| 17:08 | Build | Farm |
| 17:10 | Build | Farm |
| 17:25 | Build | Farm |
| 17:31 | Create | Villager (Male) |
| 17:42 | Create | Villager (Male) |
| 17:50 | Build | Palisade Gate |
| 17:53 | Build | Palisade Gate |
| 18:14 | Build | Watch Tower |
| 18:16 | Create | Villager (Male) |
| 18:21 | Create | Villager (Male) |
| 18:27 | Build | House |
| 18:49 | Build | Mill |
| 18:52 | Create | Gbeto |
| 19:09 | Create | Gbeto |
| 19:44 | Research | Fletching |
| 19:44 | Research | Fletching |
| 19:44 | Create | Villager (Male) |
| 19:58 | Create | Villager (Male) |
| 20:06 | Create | Villager (Male) |
| 20:13 | Build | Farm |
| 20:13 | Build | Farm |
| 20:14 | Create | Villager (Male) |
| 20:31 | Create | Gbeto |
| 20:31 | Create | Gbeto |
| 20:31 | Create | Gbeto |
| 21:18 | Build | Lumber Camp |
| 21:18 | Create | Villager (Male) |
| 21:28 | Create | Villager (Male) |
| 21:32 | Create | Gbeto |
| 21:36 | Create | Villager (Male) |
| 21:41 | Create | Villager (Male) |
| 22:06 | Build | House |
| 22:07 | Build | House |
| 22:09 | Create | Villager (Male) |
| 22:11 | Build | House |
| 22:13 | Build | House |
| 22:15 | Build | House |
| 22:16 | Build | House |
| 22:18 | Build | House |
| 22:20 | Build | House |
| 22:21 | Build | Stone Wall |
| 22:24 | Build | Farm |
| 22:25 | Build | Farm |
| 22:26 | Create | Villager (Male) |
| 22:32 | Create | Gbeto |
| 22:32 | Create | Villager (Male) |
| 23:08 | Create | Villager (Male) |
| 23:14 | Create | Villager (Male) |
| 23:23 | Build | Barracks |
| 23:35 | Create | Gbeto |
| 23:35 | Create | Gbeto |
| 23:41 | Build | Farm |
| 23:42 | Build | Farm |
| 23:43 | Build | Farm |
| 23:47 | Research | Horse Collar |
| 23:47 | Research | Horse Collar |
| 23:48 | Create | Gbeto |
| 23:48 | Create | Gbeto |
| 23:56 | Create | Villager (Male) |
| 24:22 | Build | Farm |
| 24:41 | Build | Castle |
| 24:55 | Create | Villager (Male) |
| 25:06 | Build | Siege Workshop |
| 25:09 | Create | Villager (Male) |
| 25:21 | Build | Mining Camp |
| 25:28 | Create | Gbeto |
| 26:02 | Build | Gate |
| 26:04 | Build | Stone Wall |
| 26:04 | Build | Stone Wall |
| 26:16 | Create | Gbeto |
| 26:17 | Create | Gbeto |
Build order — Wololo & Chill
First 150 of 192 actions detected
| 0:01 | Create | Villager (Male) |
| 0:01 | Create | Villager (Male) |
| 0:02 | Build | House |
| 0:02 | Build | House |
| 0:07 | Create | Villager (Male) |
| 0:07 | Create | Villager (Male) |
| 1:25 | Create | Villager (Male) |
| 1:56 | Create | Villager (Male) |
| 2:12 | Build | Lumber Camp |
| 2:21 | Create | Villager (Male) |
| 2:21 | Create | Villager (Male) |
| 2:39 | Create | Villager (Male) |
| 3:04 | Create | Villager (Male) |
| 3:27 | Build | House |
| 3:35 | Create | Villager (Male) |
| 3:35 | Create | Villager (Male) |
| 3:58 | Create | Villager (Male) |
| 3:58 | Create | Villager (Male) |
| 4:35 | Create | Villager (Male) |
| 5:11 | Create | Villager (Male) |
| 5:11 | Create | Villager (Male) |
| 5:40 | Research | Loom |
| 6:17 | Build | Mill |
| 6:45 | Research | Feudal Age |
| 7:16 | Build | Farm |
| 7:27 | Build | Barracks |
| 7:29 | Build | House |
| 8:17 | Create | Villager (Male) |
| 8:53 | Create | Villager (Male) |
| 8:55 | Age | Feudal Age |
| 9:08 | Create | Villager (Male) |
| 9:12 | Build | Archery Range |
| 9:13 | Build | Watch Tower |
| 9:28 | Create | Villager (Male) |
| 9:30 | Build | Mining Camp |
| 9:47 | Build | Farm |
| 9:49 | Research | Double-Bit Axe |
| 9:49 | Research | Double-Bit Axe |
| 9:51 | Create | Villager (Male) |
| 10:07 | Create | Archer |
| 10:07 | Create | Archer |
| 10:14 | Create | Villager (Male) |
| 10:22 | Build | Mining Camp |
| 10:24 | Build | House |
| 10:49 | Create | Villager (Male) |
| 10:51 | Build | Farm |
| 10:56 | Create | Villager (Male) |
| 11:05 | Create | Archer |
| 11:21 | Create | Villager (Male) |
| 11:24 | Build | Farm |
| 11:30 | Create | Villager (Male) |
| 11:43 | Build | Farm |
| 11:44 | Create | Villager (Male) |
| 11:48 | Create | Villager (Male) |
| 12:19 | Build | Mill |
| 12:33 | Create | Villager (Male) |
| 12:37 | Create | Archer |
| 12:40 | Create | Villager (Male) |
| 12:44 | Build | House |
| 13:08 | Create | Villager (Male) |
| 13:09 | Build | Farm |
| 13:28 | Create | Villager (Male) |
| 13:43 | Create | Villager (Male) |
| 13:44 | Build | House |
| 13:46 | Build | House |
| 13:53 | Build | Farm |
| 14:06 | Create | Archer |
| 14:38 | Build | Farm |
| 14:39 | Create | Villager (Male) |
| 15:12 | Build | Palisade Gate |
| 15:14 | Build | Palisade Gate |
| 15:16 | Build | Palisade Wall |
| 15:17 | Create | Villager (Male) |
| 15:28 | Create | Villager (Male) |
| 15:44 | Create | Villager (Male) |
| 15:46 | Build | Farm |
| 16:25 | Create | Villager (Male) |
| 16:29 | Build | Blacksmith |
| 16:55 | Create | Villager (Male) |
| 17:07 | Build | Farm |
| 17:25 | Build | Farm |
| 17:30 | Research | Castle Age |
| 17:30 | Research | Castle Age |
| 18:00 | Create | Archer |
| 18:10 | Build | House |
| 18:14 | Build | House |
| 18:16 | Build | House |
| 18:20 | Build | Lumber Camp |
| 18:24 | Build | House |
| 18:36 | Build | Stone Wall |
| 18:36 | Create | Villager (Male) |
| 18:37 | Create | Villager (Male) |
| 18:45 | Build | Stone Wall |
| 18:47 | Create | Villager (Male) |
| 18:55 | Build | Gate |
| 18:56 | Create | Villager (Male) |
| 19:12 | Create | Villager (Male) |
| 19:15 | Create | Villager (Male) |
| 19:27 | Build | Gate |
| 19:27 | Create | Villager (Male) |
| 19:38 | Build | Stone Wall |
| 20:10 | Age | Castle Age |
| 20:29 | Create | Villager (Male) |
| 20:33 | Build | House |
| 20:40 | Build | Archery Range |
| 20:45 | Create | Villager (Male) |
| 20:49 | Build | Town Center |
| 20:51 | Create | Villager (Male) |
| 20:53 | Create | Villager (Male) |
| 20:56 | Build | House |
| 20:57 | Create | Villager (Male) |
| 21:36 | Build | Castle |
| 21:51 | Create | Villager (Male) |
| 21:51 | Create | Villager (Male) |
| 21:57 | Build | Farm |
| 22:12 | Create | Villager (Male) |
| 22:20 | Build | Farm |
| 23:05 | Build | Farm |
| 23:22 | Build | Mining Camp |
| 23:49 | Create | Villager (Male) |
| 23:49 | Create | Villager (Male) |
| 23:57 | Build | Siege Workshop |
| 24:04 | Build | Farm |
| 24:13 | Build | Farm |
| 24:18 | Build | House |
| 24:42 | Build | Lumber Camp |
| 24:51 | Build | House |
| 24:57 | Create | Mangonel |
| 24:57 | Create | Mangonel |
| 25:05 | Build | Farm |
| 26:07 | Build | Stone Wall |
| 26:21 | Create | Mangonel |
| 26:21 | Create | Mangonel |
| 26:41 | Build | Market |
| 26:49 | Create | Mangonel |
| 26:49 | Create | Mangonel |
| 26:49 | Create | Mangonel |
| 27:03 | Create | Mangonel |
| 27:07 | Build | Monastery |
| 27:31 | Build | Town Center |
| 28:14 | Build | Town Center |
| 28:21 | Create | Mangonel |
| 28:21 | Create | Mangonel |
| 28:38 | Build | House |
| 28:38 | Build | House |
| 28:39 | Create | Villager (Male) |
| 28:41 | Build | Farm |
| 28:43 | Build | Farm |
| 28:46 | Create | Villager (Male) |
| 28:52 | Create | Villager (Male) |
Match timeline
| 4:08 | twitch.tv/s0laf1d3 · wall_segment Palisade Wall x8 |
| 7:27 | Wololo & Chill · first_building Barracks |
| 8:55 | Wololo & Chill · age_up feudal |
| 9:12 | Wololo & Chill · first_building Archery Range |
| 9:56 | twitch.tv/s0laf1d3 · wall_segment Palisade Wall x1 |
| 9:57 | twitch.tv/s0laf1d3 · wall_segment Palisade Wall x1 |
| 10:01 | twitch.tv/s0laf1d3 · wall_segment Palisade Wall x2 |
| 10:03 | twitch.tv/s0laf1d3 · wall_segment Palisade Wall x1 |
| 10:05 | twitch.tv/s0laf1d3 · wall_segment Palisade Wall x1 |
| 10:08 | twitch.tv/s0laf1d3 · wall_segment Palisade Wall x1 |
| 10:10 | twitch.tv/s0laf1d3 · wall_segment Palisade Wall x1 |
| 10:13 | twitch.tv/s0laf1d3 · wall_segment Palisade Wall x1 |
| 10:15 | twitch.tv/s0laf1d3 · wall_segment Palisade Wall x1 |
| 10:18 | twitch.tv/s0laf1d3 · wall_segment Palisade Wall x1 |
| 10:21 | twitch.tv/s0laf1d3 · wall_segment Palisade Wall x1 |
| 10:38 | twitch.tv/s0laf1d3 · wall_segment Palisade Wall x1 |
| 10:40 | twitch.tv/s0laf1d3 · wall_segment Palisade Wall x1 |
| 10:43 | twitch.tv/s0laf1d3 · wall_segment Palisade Wall x1 |
| 10:46 | twitch.tv/s0laf1d3 · wall_segment Palisade Wall x1 |
| 11:28 | twitch.tv/s0laf1d3 · age_up feudal |
| 15:16 | Wololo & Chill · wall_segment Palisade Wall x1 |
| 15:50 | twitch.tv/s0laf1d3 · age_up castle |
| 15:54 | twitch.tv/s0laf1d3 · wall_segment Stone Wall x1 |
| 15:55 | twitch.tv/s0laf1d3 · wall_segment Stone Wall x1 |
| 15:55 | twitch.tv/s0laf1d3 · wall_segment Stone Wall x1 |
| 15:56 | twitch.tv/s0laf1d3 · wall_segment Stone Wall x1 |
| 15:56 | twitch.tv/s0laf1d3 · wall_segment Stone Wall x1 |
| 15:57 | twitch.tv/s0laf1d3 · wall_segment Stone Wall x1 |
| 15:57 | twitch.tv/s0laf1d3 · wall_segment Stone Wall x1 |
| 15:58 | twitch.tv/s0laf1d3 · wall_segment Stone Wall x1 |
| 16:17 | twitch.tv/s0laf1d3 · wall_segment Stone Wall x1 |
| 16:17 | twitch.tv/s0laf1d3 · wall_segment Stone Wall x1 |
| 16:18 | twitch.tv/s0laf1d3 · wall_segment Stone Wall x1 |
| 16:37 | twitch.tv/s0laf1d3 · first_market_buy 100 stone |
| 16:55 | twitch.tv/s0laf1d3 · first_building Castle |
| 18:36 | Wololo & Chill · wall_segment Stone Wall x10 |
| 18:45 | Wololo & Chill · wall_segment Stone Wall x3 |
| 19:38 | Wololo & Chill · wall_segment Stone Wall x6 |
| 19:43 | twitch.tv/s0laf1d3 · first_market_sell 100 stone |
| 20:10 | Wololo & Chill · age_up castle |
| 21:36 | Wololo & Chill · first_building Castle |
| 22:21 | twitch.tv/s0laf1d3 · wall_segment Stone Wall x1 |
| 23:23 | twitch.tv/s0laf1d3 · first_building Barracks |
| 23:57 | Wololo & Chill · first_building Siege Workshop |
| 25:06 | twitch.tv/s0laf1d3 · first_building Siege Workshop |
| 26:04 | twitch.tv/s0laf1d3 · wall_segment Stone Wall x1 |
| 26:04 | twitch.tv/s0laf1d3 · wall_segment Stone Wall x1 |
| 26:07 | Wololo & Chill · wall_segment Stone Wall x2 |
| 27:07 | Wololo & Chill · first_building Monastery |
| 28:04 | Wololo & Chill · first_market_buy 100 food |
| 29:01 | Wololo & Chill · first_market_sell 100 wood |
| 31:05 | Wololo & Chill · wall_segment Stone Wall x1 |
| 33:41 | Wololo & Chill · resign |
[ AI ANALYSIS · 1 CREDIT ]
What really happened in this match?
Wolo.gg analyzes every decision: build order, eco, micro, common mistakes by bracket. Personalized analysis on WhatsApp or Discord in 30 seconds.
Civ guide
Malians
Perfil
Jugador #20383862